 Dungeon Crawl Stone Soup version 0.18.1-6-gd335043 (webtiles) character file.

25 mopl the Insei (level 2, 0/21 HPs)
             Began as a Vampire Transmuter on May 16, 2016.
             Slain by a worm (10 damage)
             ... on level 2 of the Dungeon.
             The game lasted 00:02:04 (1889 turns).

mopl the Insei (Vampire Transmuter)                 Turns: 1889, Time: 00:02:05

Health: 0/21       AC:  3    Str:  9    XL:     2   Next: 86%
Magic:  5/5        EV: 13    Int: 15    God:
Gold:   50         SH:  0    Dex: 14    Spells: 1 memorised, 4 levels left

rFire  . . .     SeeInvis +     a - +0 dagger
rCold  + . .     Gourm    .     b - +0 robe
rNeg   + + .     Faith    .     (no shield)
rPois  +         Spirit   .     j - +0 helmet
rElec  .         Dismiss  .     (no cloak)
rCorr  .         Reflect  .     (no gloves)
SustAt .         Harm     .     (no boots)
MR     .....                    (no amulet)
Stlth  ++........               (no ring)
                                (no ring)

@: regenerating slowly, not resistant to hostile enchantments, unstealthy
A: fangs 3, see invisible, unbreathing
a: no special abilities


You were on level 2 of the Dungeon.
You were very thirsty.

You visited 1 branch of the dungeon, and saw 2 of its levels.

You collected 50 gold pieces.

Inventory:

Hand Weapons
 a - a +0 dagger (weapon)
Missiles
 k - 37 arrows
Armour
 b - a +0 robe (worn)
 j - a +0 helmet (worn)
Scrolls
 f - 3 scrolls of remove curse
 g - a scroll of blinking {unknown}
 i - a scroll of enchant armour {unknown}
Potions
 d - 2 potions of blood
 e - a potion of magic {unknown}
 h - a potion of lignification {unknown}
Books
 c - a book of Changes

   Spells                             Type                      Level
   a - Beastly Appendage              Transmutation                1
   b - Sticks to Snakes               Transmutation                2
   c - Spider Form                    Transmutation/Poison         3
   d - Ice Form                       Ice/Transmutation            4
   e - Blade Hands                    Transmutation                5


   Skills:
 + Level 1.4 Fighting
 + Level 2.6 Dodging
 + Level 2.9 Stealth
 - Level 3.2 Unarmed Combat
 - Level 2.0 Spellcasting
 - Level 2.1 Transmutations


You had 4 spell levels left.
You knew the following spells:

 Your Spells              Type           Power        Failure   Level  Hunger
a - Beastly Appendage     Trmt           #.....       12%         1    #......


Dungeon Overview and Level Annotations

Branches:
Dungeon (2/15)

Altars:
The Shining One


Innate Abilities, Weirdness & Mutations

You heal slowly.
You have razor-sharp teeth.
You have supernaturally acute eyesight.
You can survive without breathing.


Message History

The worm misses you.
You hit the worm.
The worm is heavily wounded.
You hit the worm.
The worm is heavily wounded.
The worm bites you but does no damage.
You hit the worm but do no damage. You punch the worm. You bite the worm.
The worm is almost dead.
The worm completely misses you.
You hit the worm.
The worm is almost dead.
You barely miss the worm.
The worm is almost dead.
The worm misses you.
You hit the worm but do no damage.
The worm is almost dead.
You hit the worm but do no damage.
The worm is almost dead.
The worm bites you!
You die...

########..#
#....########
..........#
#...........#
..........#
#.......(...#
.......(..#
#...........#
..........#
#...........#
..........#
#...........####
..........#
#..............##.
########..#
#.................
#.(#
#@##...........###
#..#
#w##...........#
#.(#
#.##...........#
#..#
#.#######'#....#
#######..###.#
#.######
...........#.# #.#
#######.####.###
#.# #........# #.#
##### ######.#.#
###.#


You could see a worm.

Vanquished Creatures
  4 giant geckos
  A ball python (D:1)
  A goblin (D:1)
  2 hobgoblins
  2 jackals (D:1)
  5 kobolds
  A giant newt (D:1)
  3 rats
19 creatures vanquished.

Notes
Turn   | Place    | Note
--------------------------------------------------------------
     0 | D:1      | mopl the Vampire Transmuter began the quest for the Orb.
     0 | D:1      | Reached XP level 1. HP: 14/14 MP: 3/3
    57 | D:1      | Reached skill level 1 in Stealth
   448 | D:1      | Reached skill level 2 in Stealth
   530 | D:1      | Reached XP level 2. HP: 13/20 MP: 5/5
   666 | D:1      | Reached skill level 1 in Fighting
   782 | D:1      | Found a glowing golden altar of the Shining One.
  1889 | D:2      | Slain by a worm

Skill      XL: |  1  2 |
---------------+-------+-----
Stealth        | 2 |  2.9
Fighting       | 1 |  1.4
Dodging        | |  2.6
Unarmed Combat | |  3.2
Spellcasting   | |  2.0
Transmutations | |  2.1

Action                   || total
-------------------------++-------
Melee: Unarmed           ||    69
       Bite              ||     7
       Dagger            ||    21
       Punch             ||     2
  Use: Scroll            ||     1
 Stab: Sleeping          ||     3
Armor: Robe              ||    12
Dodge: Dodged            ||    54
